[Event "Lueneburg Open-B 2019"]
[Site "Lueneburg"]
[Date "2019.08.06"]
[Round "4.9"]
[White "Suliga, Eckhard"]
[Black "Jessen, Bjarne"]
[Result "1-0"]
[ECO "C68"]
[WhiteElo "1682"]
[BlackElo "1569"]
[Annotator "NA"]
[PlyCount "93"]
[EventDate "2019.08.03"]
[EventType "swiss"]
[EventCountry "GER"]
[SourceTitle "playchess.com"]
[Source "ChessBase"]
[SourceQuality "1"]
[TimeControl "40/5400+30:1800+30"]

1. e4 e5 2. Nf3 Nc6 3. Bb5 a6 4. Bxc6 dxc6 5. O-O Bg4 6. h3 Bh5 7. g4 Bg6 8. Nxe5 Qh4 9. Qf3 Bc5 10. d3 Bd4 11. Nxg6 hxg6 12. Kg2 O-O-O 13. Nd2 Ne7 14. Nc4 f5 15. Be3 fxe4 16. dxe4 b5 17. Bxd4 Rxd4 18. Ne3 Rxe4 19. Rh1 Re6 20. Qg3 Qg5 21. Rad1 Nd5 22. Nxd5 cxd5 23. Rhe1 Rhe8 24. Rxe6 Rxe6 25. Qd3 c6 26. b3 Qf4 27. a4 Qe4+ 28. Qxe4 Rxe4 29. axb5 axb5 30. Rd2 Kd7 31. f3 Re1 32. Kg3 Ke6 33. Kf4 Kf6 34. g5+ Ke6 35. Rh2 b4 36. h4 c5 37. h5 gxh5 38. Rxh5 g6 39. Rh6 Kf7 40. Rh7+ Ke8 41. Rc7 c4 42. bxc4 d4 43. Rb7 Rc1 44. Rxb4 Rxc2 45. Ke4 Rd2 46. c5 Kd7 47. Rxd4+ 1-0

[Event "Lueneburg Open-B 2019"]
[Site "Lueneburg"]
[Date "2019.08.06"]
[Round "4.10"]
[White "Vogel, Elisabeth"]
[Black "Thomas, Andreas"]
[Result "1/2-1/2"]
[ECO "C88"]
[WhiteElo "1277"]
[BlackElo "1726"]
[Annotator "NA"]
[PlyCount "96"]
[EventDate "2019.08.03"]
[EventType "swiss"]
[EventCountry "GER"]
[SourceTitle "playchess.com"]
[Source "ChessBase"]
[SourceQuality "1"]
[TimeControl "40/5400+30:1800+30"]

1. e4 e5 2. Nf3 Nc6 3. Bb5 a6 4. Ba4 Nf6 5. d3 b5 6. Bb3 Be7 7. Nbd2 d6 8. O-O Na5 9. Re1 Nxb3 10. axb3 O-O 11. Nf1 c5 12. Ng3 Re8 13. Bd2 Qc7 14. Ba5 Qd7 15. Bd2 Bd8 16. h3 g6 17. Nh2 d5 18. exd5 Qxd5 19. Ne4 Nxe4 20. dxe4 Qe6 21. b4 c4 22. c3 Bb7 23. Nf3 Bf6 24. Qe2 Red8 25. Rad1 Rd3 26. Bc1 Rad8 27. Rxd3 Rxd3 28. Rf1 Qc6 29. Re1 Qd6 30. Kf1 Qd8 31. Kg1 Qd6 32. Kf1 Bd8 33. Kg1 f6 34. Kf1 a5 35. bxa5 Bxa5 36. Bd2 Kf7 37. Ra1 Bb6 38. Rd1 Ba5 39. Ne1 Bxe4 40. f3 Bf5 41. g4 Be6 42. Nxd3 cxd3 43. Qe4 Bd5 44. Qe1 Bxf3 45. Ra1 Be2+ 46. Kg2 Qc6+ 47. Kh2 Bb6 48. Kg3 Qf3+ 1/2-1/2

[Event "Lueneburg Open-B 2019"]
[Site "Lueneburg"]
[Date "2019.08.06"]
[Round "4.11"]
[White "Rempe, Janne"]
[Black "Cordsen, Heinrich"]
[Result "1/2-1/2"]
[ECO "D02"]
[WhiteElo "1594"]
[BlackElo "1685"]
[Annotator "NA"]
[PlyCount "36"]
[EventDate "2019.08.03"]
[EventType "swiss"]
[EventCountry "GER"]
[SourceTitle "playchess.com"]
[Source "ChessBase"]
[SourceQuality "1"]
[TimeControl "40/5400+30:1800+30"]

1. d4 d5 2. Nf3 Nf6 3. Bf4 e6 4. e3 Bd6 5. Bg3 O-O 6. c3 c5 7. Nbd2 Nc6 8. b3 cxd4 9. exd4 b6 10. Bd3 Bb7 11. O-O Bxg3 12. fxg3 Qd6 13. Nh4 e5 14. Nf5 Qe6 15. dxe5 Nxe5 16. Re1 Rae8 17. Nd4 Qd7 18. Bc2 Nc6 1/2-1/2

[Event "Lueneburg Open-B 2019"]
[Site "Lueneburg"]
[Date "2019.08.06"]
[Round "4.12"]
[White "David, Martin"]
[Black "Krause, Holger"]
[Result "0-1"]
[ECO "C36"]
[WhiteElo "1494"]
[BlackElo "1639"]
[Annotator "NA"]
[PlyCount "66"]
[EventDate "2019.08.03"]
[EventType "swiss"]
[EventCountry "GER"]
[SourceTitle "playchess.com"]
[Source "ChessBase"]
[SourceQuality "1"]
[TimeControl "40/5400+30:1800+30"]

1. e4 e5 2. f4 exf4 3. Nf3 Ne7 4. d4 d5 5. exd5 $15 Nxd5 6. Be2 Bd6 7. O-O O-O 8. c4 Nf6 9. c5 Be7 10. Bxf4 Nd5 11. Qd2 Nc6 12. Ne5 Nxf4 13. Nxc6 Nxe2+ 14. Qxe2 bxc6 15. Qe4 Bf6 16. Kh1 Qd5 17. Qc2 Qxd4 18. Nc3 Qxc5 19. Rf3 Re8 20. Raf1 Re3 21. Rf4 Be6 22. Qf2 Bxc3 23. Rxf7 Bf6 24. Rxf6 gxf6 25. b4 Qe5 26. h3 Re2 27. Qf3 Re1 28. Rxe1 Qxe1+ 29. Kh2 Qe5+ 30. Kh1 Rd8 31. a3 Rd2 32. a4 Re2 33. Kg1 Ra2 0-1

[Event "Lueneburg Open-B 2019"]
[Site "Lueneburg"]
[Date "2019.08.06"]
[Round "4.13"]
[White "Levink, Clemens"]
[Black "Goldmann, David"]
[Result "0-1"]
[ECO "B40"]
[WhiteElo "1719"]
[BlackElo "1403"]
[Annotator "NA"]
[PlyCount "100"]
[EventDate "2019.08.03"]
[EventType "swiss"]
[EventCountry "GER"]
[SourceTitle "playchess.com"]
[Source "ChessBase"]
[SourceQuality "1"]
[TimeControl "40/5400+30:1800+30"]

1. e4 c5 2. Nf3 e6 3. c3 g6 4. d4 d5 5. exd5 exd5 6. Bb5+ Bd7 7. Qe2+ Qe7 8. Be3 c4 9. Bxd7+ Nxd7 10. O-O Bh6 11. Re1 Bxe3 12. Qxe3 Qxe3 13. Rxe3+ Kf8 14. Nbd2 Ne7 15. Rae1 Nf5 16. R3e2 h5 17. Ne5 Nb6 18. Nf1 Kg7 19. Ng3 Nd6 20. h4 Rae8 21. Kf1 f6 22. Nf3 Rxe2 23. Rxe2 Re8 24. Rc2 Nd7 25. Ne2 Kh6 26. g3 b5 27. Ne1 Nf5 28. Ng2 g5 29. hxg5+ fxg5 30. b4 Nf6 31. Ng1 Ne4 32. Nf3 Rf8 33. Ne5 Nfxg3+ 34. Kg1 Nf5 35. f3 Ned6 36. a4 bxa4 37. Ra2 Nb5 38. Rxa4 Nxc3 39. Ra6+ Kh7 40. Rxa7+ Ng7 41. Rd7 Ne2+ 42. Kf2 Nxd4 43. Rxd5 Nge6 44. Ne1 c3 45. N1d3 g4 46. f4 Nxf4 47. Nxf4 Rxf4+ 48. Ke3 c2 49. Nd3 Rf3+ 50. Kxd4 Rxd3+ 0-1

[Event "Lueneburg Open-B 2019"]
[Site "Lueneburg"]
[Date "2019.08.06"]
[Round "4.14"]
[White "Kolhoff, Manfred"]
[Black "Schulze, Tim"]
[Result "1-0"]
[ECO "C01"]
[WhiteElo "1616"]
[BlackElo "1481"]
[Annotator "NA"]
[PlyCount "111"]
[EventDate "2019.08.03"]
[EventType "swiss"]
[EventCountry "GER"]
[SourceTitle "playchess.com"]
[Source "ChessBase"]
[SourceQuality "1"]
[TimeControl "40/5400+30:1800+30"]

1. e4 e6 2. d4 d5 3. Nc3 Nf6 4. exd5 exd5 5. Bd3 Bd6 6. Bg5 c6 7. Nf3 O-O 8. O-O Bg4 9. Rb1 Nbd7 10. h3 Bh5 11. Be2 Qc7 12. Qc1 Ne4 13. Bd2 Nxd2 14. Qxd2 Bf4 15. Qd1 Bg6 16. Bd3 Bxd3 17. Qxd3 Rfe8 18. Rfe1 Nf6 19. b3 Bd6 20. Ne2 h6 21. c4 b6 22. Rbc1 dxc4 23. bxc4 Qd7 24. Red1 Rad8 25. Kf1 Re7 26. Qb3 Rde8 27. Nc3 Qf5 28. Qb1 Qa5 29. Qa1 Qf5 30. a3 Ne4 31. Nxe4 Rxe4 32. Qc3 Re2 33. Re1 Rxe1+ 34. Rxe1 Rxe1+ 35. Nxe1 Qb1 36. Ke2 Qa2+ 37. Nc2 Be7 38. Kf3 Bf6 39. Nb4 Qb1 40. Nxc6 Qf5+ 41. Kg3 Bh4+ 42. Kh2 Qxf2 43. Qf3 Qd2 44. Qe4 Bg5 45. Ne7+ Kf8 46. Nd5 Kg8 47. h4 Bf6 48. Nxf6+ gxf6 49. d5 Kg7 50. a4 a5 51. Kh3 Qd1 52. Qg4+ Qxg4+ 53. Kxg4 Kg6 54. h5+ Kg7 55. Kf5 Kf8 56. Kxf6 1-0

[Event "Lueneburg Open-B 2019"]
[Site "Lueneburg"]
[Date "2019.08.06"]
[Round "4.15"]
[White "Mi, Gufeng"]
[Black "Thomas, Vincent"]
[Result "1-0"]
[ECO "D00"]
[WhiteElo "1564"]
[BlackElo "1975"]
[Annotator "NA"]
[PlyCount "65"]
[EventDate "2019.08.03"]
[EventType "swiss"]
[EventCountry "GER"]
[SourceTitle "playchess.com"]
[Source "ChessBase"]
[SourceQuality "1"]
[TimeControl "40/5400+30:1800+30"]

1. d4 d5 2. Bf4 c6 3. h3 Nf6 4. e3 Qb6 5. Qc1 Bf5 6. Nd2 e6 7. Ngf3 c5 8. c3 cxd4 9. exd4 Bd6 10. Ne5 h6 11. Ndf3 Nbd7 12. Be2 Be4 13. O-O Bxf3 14. Bxf3 Bc7 15. Re1 Nxe5 16. dxe5 Nd7 17. Be3 Qc6 18. Bd4 Bb6 19. Qf4 Bxd4 20. cxd4 O-O 21. Rac1 Qa4 22. Rc7 Nb6 23. Bh5 Nd7 24. Re3 f6 25. Rg3 Kh8 26. Qg4 g5 27. Qxe6 Rad8 28. Bg4 Qxd4 29. Rxd7 Rxd7 30. Qxd7 Qxe5 31. Bf5 Rf7 32. Qxf7 Qxf5 33. Re3 1-0

[Event "Lueneburg Open-B 2019"]
[Site "Lueneburg"]
[Date "2019.08.06"]
[Round "4.16"]
[White "Hinke, Gerhard"]
[Black "Stolzenwald, Karl-Heinz"]
[Result "0-1"]
[ECO "C55"]
[WhiteElo "1476"]
[BlackElo "1600"]
[Annotator "NA"]
[PlyCount "102"]
[EventDate "2019.08.03"]
[EventType "swiss"]
[EventCountry "GER"]
[SourceTitle "playchess.com"]
[Source "ChessBase"]
[SourceQuality "1"]
[TimeControl "40/5400+30:1800+30"]

1. e4 e5 2. Nf3 Nc6 3. Bc4 h6 4. c3 Nf6 5. d3 d5 6. exd5 Nxd5 7. O-O Be7 8. Qe2 Bg4 9. Re1 Qd6 10. Qe4 Nf6 11. Qe2 O-O-O 12. Be3 Bh5 13. b4 b6 14. Nbd2 Nd5 15. Ne4 Qg6 16. Rac1 f5 17. Ng3 f4 18. Nh4 fxe3 19. Bxd5 Rxd5 20. Nf3 exf2+ 21. Kxf2 Rhd8 22. Qe4 Qf7 23. Qf5+ Qxf5 24. Nxf5 Bf6 25. d4 exd4 26. N5xd4 Bxf3 27. Nxf3 Nd4 28. cxd4 Bxd4+ 29. Nxd4 Rxd4 30. a3 Rd2+ 31. Re2 Rf8+ 32. Ke1 Rd7 33. Rf2 Rxf2 34. Kxf2 Rd2+ 35. Kf1 Rd3 36. Ra1 Kd7 37. Ra2 Rc3 38. b5 c5 39. bxc6+ Kxc6 40. a4 Rc4 41. Kf2 a5 42. Ra3 Kc5 43. Rg3 g5 44. Rh3 Rf4+ 45. Ke3 Rf6 46. Kd3 Kb4 47. Re3 Kxa4 48. g3 Rc6 49. Re5 Kb4 50. Re4+ Kb3 51. Re1 Rd6+ 0-1

[Event "Lueneburg Open-B 2019"]
[Site "Lueneburg"]
[Date "2019.08.06"]
[Round "4.19"]
[White "Rennkamp, David"]
[Black "Rothenberg, Anke"]
[Result "0-1"]
[ECO "B12"]
[WhiteElo "1355"]
[BlackElo "1467"]
[Annotator "NA"]
[PlyCount "51"]
[EventDate "2019.08.03"]
[EventType "swiss"]
[EventCountry "GER"]
[SourceTitle "playchess.com"]
[Source "ChessBase"]
[SourceQuality "1"]
[TimeControl "40/5400+30:1800+30"]

1. e4 c6 2. d4 d5 3. e5 Bf5 4. Nf3 e6 5. Bd3 Bxd3 6. Qxd3 Ne7 7. O-O Nd7 8. Nbd2 Ng6 9. Re1 c5 10. c3 Be7 11. Nf1 O-O 12. Ng3 Qc7 13. Bd2 b6 14. Rac1 f6 15. exf6 Rxf6 16. Nh5 c4 17. Nxf6+ Nxf6 18. Qe2 Ne4 19. Be3 Rf8 20. Nd2 Nf4 21. Bxf4 Rxf4 22. Nxe4 Rxe4 23. Qh5 Rh4 24. Qe5 Bd6 25. Qxe6+ Qf7 26. Qxd6 0-1

[Event "Lueneburg Open-B 2019"]
[Site "Lueneburg"]
[Date "2019.08.06"]
[Round "4.20"]
[White "Buchinger, Alexis"]
[Black "Rempe, Mieke"]
[Result "1-0"]
[ECO "D02"]
[WhiteElo "1346"]
[BlackElo "1558"]
[Annotator "NA"]
[PlyCount "37"]
[EventDate "2019.08.03"]
[EventType "swiss"]
[EventCountry "GER"]
[SourceTitle "playchess.com"]
[Source "ChessBase"]
[SourceQuality "1"]
[TimeControl "40/5400+30:1800+30"]

1. d4 Nf6 2. Nf3 d5 3. Bf4 Bf5 4. e3 e6 5. c4 Bxb1 6. Rxb1 Bb4+ 7. Ke2 dxc4 8. Ne5 Nd5 9. Qa4+ c6 10. Bg3 f6 11. e4 fxe5 12. exd5 Qxd5 13. Qxb4 Qe4+ 14. Kd2 c5 15. Qxc4 Nc6 16. Bd3 Qxg2 17. Qxe6+ Kf8 18. Rbe1 Re8 19. Qf5+ 1-0

[Event "Lueneburg Open-B 2019"]
[Site "Lueneburg"]
[Date "2019.08.06"]
[Round "4.21"]
[White "Krueger, Dietrich"]
[Black "Hotz, Herbert"]
[Result "0-1"]
[ECO "A48"]
[WhiteElo "1243"]
[BlackElo "1547"]
[Annotator "NA"]
[PlyCount "84"]
[EventDate "2019.08.03"]
[EventType "swiss"]
[EventCountry "GER"]
[SourceTitle "playchess.com"]
[Source "ChessBase"]
[SourceQuality "1"]
[TimeControl "40/5400+30:1800+30"]

1. d4 Nf6 2. Bf4 g6 3. e3 Bg7 4. Bc4 O-O 5. Nd2 d6 6. Ngf3 b6 7. e4 Bb7 8. d5 Nbd7 9. h4 Nh5 10. Be3 Bxb2 11. Rb1 Bg7 12. g4 Nhf6 13. h5 Nxg4 14. h6 Nxe3 15. fxe3 Bh8 16. Rg1 Ne5 17. Bd3 Nxd3+ 18. cxd3 e6 19. Qb3 exd5 20. exd5 Re8 21. e4 Qd7 22. Kf2 Bd4+ 23. Kf1 Bxg1 24. Kxg1 Qg4+ 25. Kf2 Qf4 26. Rh1 Qf6 27. Qc4 Rac8 28. d4 c6 29. Qe2 cxd5 30. e5 dxe5 31. dxe5 Rxe5 32. Qxe5 Qxe5 33. Nxe5 Rc2 34. Ke3 Rxa2 35. Rf1 Ra3+ 36. Ke2 Ba6+ 37. Kf2 Bxf1 38. Kxf1 Rh3 39. Nc6 Rxh6 40. Nxa7 Rh1+ 41. Kg2 Ra1 42. Nb5 Ra2 0-1

[Event "Lueneburg Open-B 2019"]
[Site "Lueneburg"]
[Date "2019.08.08"]
[Round "5.1"]
[White "Groth, Matthias"]
[Black "Wiese, Uwe"]
[Result "0-1"]
[ECO "A85"]
[WhiteElo "1737"]
[BlackElo "1737"]
[Annotator "NA RC"]
[PlyCount "58"]
[EventDate "2019.08.03"]
[EventType "swiss"]
[EventCountry "GER"]
[SourceTitle "playchess.com"]
[Source "ChessBase"]
[SourceQuality "1"]
[TimeControl "40/5400+30:1800+30"]

1. d4 f5 2. c4 Nf6 3. Nc3 e6 4. f3 d5 5. Bg5 Be7 6. e3 O-O 7. Qb3 c6 8. Bd3 Nh5 9. Bxe7 Qxe7 10. g3 a5 11. Nge2 dxc4 12. Bxc4 b5 13. Bd3 Ba6 14. f4 Nd7 15. h3 b4 16. Bxa6 bxc3 17. Bc4 cxb2 18. Qxb2 Rfb8 19. Qc2 Nb6 20. Kf2 Nd5 21. Rhb1 Nhf6 22. Kf3 Qa3 23. Qd2 Ne4 24. Rxb8+ Rxb8 25. Qd3 Qb2 26. Rc1 Nd2+ 27. Kg2 Nxc4 28. Rxc4 Qxa2 29. Rxc6 Nb4 0-1

[Event "Lueneburg Open-B 2019"]
[Site "Lueneburg"]
[Date "2019.08.08"]
[Round "5.2"]
[White "Thomas, Jeremy"]
[Black "Ahrens, Gunnar"]
[Result "1-0"]
[ECO "B34"]
[WhiteElo "1717"]
[BlackElo "1764"]
[Annotator "NA RC"]
[PlyCount "53"]
[EventDate "2019.08.03"]
[EventType "swiss"]
[EventCountry "GER"]
[SourceTitle "playchess.com"]
[Source "ChessBase"]
[SourceQuality "1"]
[TimeControl "40/5400+30:1800+30"]

1. e4 c5 2. Nf3 Nc6 3. d4 cxd4 4. Nxd4 g6 5. Nc3 Bg7 6. Be3 a6 7. Qd2 Nf6 8. f3 O-O 9. O-O-O Qc7 10. g4 d6 11. g5 Nd7 12. Nd5 Qd8 13. h4 e6 14. Nc3 Nde5 15. Be2 d5 16. f4 Nc4 17. Bxc4 dxc4 18. Nxc6 Qxd2+ 19. Rxd2 bxc6 20. e5 Rb8 21. Rd4 Bb7 22. Rhd1 Ba8 23. Rxc4 Rfd8 24. Rcd4 Rxd4 25. Rxd4 Bf8 26. Rd7 Rb7 27. Rd8 1-0

[Event "Lueneburg Open-B 2019"]
[Site "Lueneburg"]
[Date "2019.08.08"]
[Round "5.3"]
[White "Rewerts, Ingo"]
[Black "Kasipour Azbari, Seyed Arvin"]
[Result "1-0"]
[ECO "D03"]
[WhiteElo "1792"]
[BlackElo "1765"]
[Annotator "NA RC"]
[PlyCount "65"]
[EventDate "2019.08.03"]
[EventType "swiss"]
[EventCountry "GER"]
[SourceTitle "playchess.com"]
[Source "ChessBase"]
[SourceQuality "1"]
[TimeControl "40/5400+30:1800+30"]

1. d4 Nf6 2. Nf3 g6 3. Bg5 Bg7 4. c3 d5 5. e3 O-O 6. Bd3 Nbd7 7. Bxf6 Bxf6 8. h4 e5 9. dxe5 Nxe5 10. Nxe5 Bxe5 11. h5 Qg5 12. g3 Bxg3 13. fxg3 Qxe3+ 14. Be2 Qxg3+ 15. Kd2 Qg5+ 16. Kc2 Bf5+ 17. Kb3 Qe3 18. hxg6 fxg6 19. Nd2 Qb6+ 20. Ka3 a5 21. b3 a4 22. b4 c5 23. Qg1 cxb4+ 24. cxb4 Qe6 25. Re1 Qf6 26. Rc1 Rfc8 27. Qe3 Bc2 28. Nc4 dxc4 29. Rxc2 b5 30. Bf3 Re8 31. Bd5+ Kh8 32. Rxh7+ Kxh7 33. Rh2+ 1-0

[Event "Lueneburg Open-B 2019"]
[Site "Lueneburg"]
[Date "2019.08.08"]
[Round "5.4"]
[White "Seeber, Helmut"]
[Black "Fomenkov, Alexander"]
[Result "0-1"]
[ECO "E17"]
[WhiteElo "1580"]
[BlackElo "1779"]
[Annotator "NA RC"]
[PlyCount "120"]
[EventDate "2019.08.03"]
[EventType "swiss"]
[EventCountry "GER"]
[SourceTitle "playchess.com"]
[Source "ChessBase"]
[SourceQuality "1"]
[TimeControl "40/5400+30:1800+30"]

1. Nf3 Nf6 2. c4 b6 3. g3 Bb7 4. d4 e6 5. Bg2 Be7 6. O-O O-O 7. Bf4 d6 8. Nc3 Ne4 9. Qc2 Nxc3 10. bxc3 f5 11. Qb3 Qc8 12. Rab1 Nc6 13. Qc2 Na5 14. Nd2 g5 15. Be3 f4 16. gxf4 gxf4 17. Rb5 c5 18. dxc5 fxe3 19. cxd6 Bxd6 20. Rh5 Rf5 21. Rxf5 exf5 22. fxe3 Bxg2 23. Kxg2 Qe6 24. Qxf5 Qxf5 25. Rxf5 Re8 26. e4 Be5 27. Rg5+ Kf7 28. Rf5+ Ke6 29. Nf3 Nxc4 30. Ng5+ Ke7 31. Rf7+ Kd6 32. Rxa7 Rg8 33. Rxh7 Rxg5+ 34. Kf3 Rg6 35. h4 Rg3+ 36. Kf2 Rg8 37. Rh6+ Kc5 38. Rh5 Rh8 39. Rf5 Rxh4 40. Kf3 Rh3+ 41. Kg4 Rxc3 42. Rf8 Ra3 43. Kf5 Rxa2 44. e3 Ra5 45. Rd8 Kb4 46. Rd5 Rxd5 47. exd5 Kc5 48. Ke6 b5 49. e4 b4 50. Kf5 b3 51. d6 Bxd6 52. e5 Bxe5 53. Ke4 Kb4 54. Kd3 Na3 55. Ke4 Bh8 56. Kd3 b2 57. Kd2 b1=Q 58. Ke2 Qe4+ 59. Kd2 Bc3+ 60. Kd1 Qc2# 0-1

[Event "Lueneburg Open-B 2019"]
[Site "Lueneburg"]
[Date "2019.08.08"]
[Round "5.5"]
[White "Schulze, Lukas"]
[Black "Suliga, Eckhard"]
[Result "0-1"]
[ECO "C42"]
[WhiteElo "1724"]
[BlackElo "1682"]
[Annotator "NA RC"]
[PlyCount "52"]
[EventDate "2019.08.03"]
[EventType "swiss"]
[EventCountry "GER"]
[SourceTitle "playchess.com"]
[Source "ChessBase"]
[SourceQuality "1"]
[TimeControl "40/5400+30:1800+30"]

1. e4 e5 2. Nf3 Nf6 3. Nxe5 d6 4. Nf3 Nxe4 5. d4 d5 6. Bd3 Be7 7. O-O O-O 8. Bf4 Nc6 9. c3 Bd6 10. Be3 Re8 11. h3 a6 12. Qc1 Qf6 13. Nbd2 Bf5 14. Qc2 Nxd2 15. Nxd2 Bxd3 16. Qxd3 Ne7 17. Nf3 h6 18. Qd2 c6 19. Rae1 Ng6 20. Nh2 Nf4 21. Kh1 Qf5 22. Nf3 Nxh3 23. Bxh6 Qh5 24. Bxg7 Ng5+ 25. Kg1 Nxf3+ 26. gxf3 Qh2# 0-1

[Event "Lueneburg Open-B 2019"]
[Site "Lueneburg"]
[Date "2019.08.08"]
[Round "5.6"]
[White "Buetow, Ingo"]
[Black "Neumann, Lutz"]
[Result "1/2-1/2"]
[ECO "A26"]
[WhiteElo "1747"]
[BlackElo "1784"]
[Annotator "NA RC"]
[PlyCount "31"]
[EventDate "2019.08.03"]
[EventType "swiss"]
[EventCountry "GER"]
[SourceTitle "playchess.com"]
[Source "ChessBase"]
[SourceQuality "1"]
[TimeControl "40/5400+30:1800+30"]

1. c4 Nf6 2. g3 g6 3. Bg2 Bg7 4. Nc3 O-O 5. e4 d6 6. Nge2 e5 7. d3 Nc6 8. O-O Nd7 9. Be3 f5 10. f3 Nf6 11. Nd5 Ne7 12. Nec3 c6 13. Nxf6+ Bxf6 14. Qd2 Be6 15. b3 Rf7 16. Qc1 1/2-1/2

[Event "Lueneburg Open-B 2019"]
[Site "Lueneburg"]
[Date "2019.08.08"]
[Round "5.7"]
[White "Thomas, Andreas"]
[Black "Ische, Helmut"]
[Result "0-1"]
[ECO "C50"]
[WhiteElo "1726"]
[BlackElo "1662"]
[Annotator "NA RC"]
[PlyCount "92"]
[EventDate "2019.08.03"]
[EventType "swiss"]
[EventCountry "GER"]
[SourceTitle "playchess.com"]
[Source "ChessBase"]
[SourceQuality "1"]
[TimeControl "40/5400+30:1800+30"]

1. e4 d6 2. Nf3 e5 3. d4 exd4 4. Bc4 Nf6 5. O-O Be7 6. Re1 O-O 7. Nxd4 Nbd7 8. Bb3 Nc5 9. Nc3 Nxb3 10. axb3 a6 11. f4 Re8 12. Qf3 c5 13. Nde2 Bd7 14. Ng3 Bf8 15. Bd2 Bc6 16. Rad1 Qc7 17. Nd5 Nxd5 18. exd5 Rxe1+ 19. Rxe1 Bd7 20. f5 b5 21. f6 g6 22. Ne4 Re8 23. Ng5 Rxe1+ 24. Bxe1 Qd8 25. Bd2 h6 26. Ne4 Bf5 27. b4 Bxe4 28. Qxe4 Qxf6 29. bxc5 dxc5 30. Bc3 Qe7 31. Qf3 b4 32. Bd2 a5 33. b3 Bg7 34. h3 Kh7 35. Be3 Be5 36. Qf2 Bd6 37. Kh1 Kg7 38. Qd2 g5 39. h4 f6 40. c4 Qe5 41. Kg1 Qh2+ 42. Kf1 Qxh4 43. Bf2 Qh1+ 44. Ke2 Qxg2 45. Qe3 Qg4+ 46. Kf1 Qd7 0-1

[Event "Lueneburg Open-B 2019"]
[Site "Lueneburg"]
[Date "2019.08.08"]
[Round "5.8"]
[White "Krause, Holger"]
[Black "Gerdau, Niklas"]
[Result "0-1"]
[ECO "B23"]
[WhiteElo "1639"]
[BlackElo "1704"]
[Annotator "NA RC"]
[PlyCount "36"]
[EventDate "2019.08.03"]
[EventType "swiss"]
[EventCountry "GER"]
[SourceTitle "playchess.com"]
[Source "ChessBase"]
[SourceQuality "1"]
[TimeControl "40/5400+30:1800+30"]

1. e4 c5 2. Nc3 e6 3. g3 d5 4. exd5 exd5 5. d4 Nf6 6. Bg2 cxd4 7. Qxd4 Nc6 8. Qd3 d4 9. Ne4 Bf5 10. Nxf6+ Qxf6 11. Qb3 Nb4 12. Qa4+ Bd7 13. Qb3 Rc8 14. Be4 Qe5 15. f3 Nxc2+ 16. Kd1 Nxa1 17. Bf4 Rc1+ 18. Kxc1 Qc5+ 0-1

[Event "Lueneburg Open-B 2019"]
[Site "Lueneburg"]
[Date "2019.08.08"]
[Round "5.9"]
[White "Cordsen, Heinrich"]
[Black "Geissler, Karl-Heinz"]
[Result "1/2-1/2"]
[ECO "C10"]
[WhiteElo "1685"]
[BlackElo "1581"]
[Annotator "NA"]
[PlyCount "24"]
[EventDate "2019.08.03"]
[EventType "swiss"]
[EventCountry "GER"]
[SourceTitle "playchess.com"]
[Source "ChessBase"]
[SourceQuality "1"]
[TimeControl "40/5400+30:1800+30"]

1. e4 e6 2. d4 d5 3. Nc3 dxe4 4. Nxe4 Be7 5. Nf3 Nd7 6. Bd3 Ngf6 7. Ng3 O-O 8. O-O b6 9. c4 Bb7 10. Ng5 g6 11. h4 c5 12. h5 Nxh5 1/2-1/2

[Event "Lueneburg Open-B 2019"]
[Site "Lueneburg"]
[Date "2019.08.08"]
[Round "5.10"]
[White "Domschke, Stephan"]
[Black "Mi, Gufeng"]
[Result "1-0"]
[ECO "B06"]
[WhiteElo "1671"]
[BlackElo "1564"]
[Annotator "NA RC"]
[PlyCount "71"]
[EventDate "2019.08.03"]
[EventType "swiss"]
[EventCountry "GER"]
[SourceTitle "playchess.com"]
[Source "ChessBase"]
[SourceQuality "1"]
[TimeControl "40/5400+30:1800+30"]

1. d4 g6 2. e4 Bg7 3. Be3 d6 4. Nc3 c6 5. Qd2 h6 6. O-O-O Nd7 7. f4 e6 8. d5 cxd5 9. exd5 e5 10. Nf3 a6 11. Ne4 Qc7 12. fxe5 Nxe5 13. Nxe5 Bxe5 14. Bd4 f6 15. Bxe5 fxe5 16. Qb4 Ke7 17. Bd3 b6 18. Rhf1 Bf5 19. Ng3 Bxd3 20. Rxd3 Nf6 21. Qh4 Rhf8 22. Qxh6 Rac8 23. Rc3 Qd7 24. Rxc8 Qxc8 25. Qxg6 Qc4 26. Nf5+ Kd8 27. Ne3 Qxa2 28. Rxf6 Qa1+ 29. Kd2 Qa5+ 30. c3 Rxf6 31. Qxf6+ Kc7 32. Qe7+ Kc8 33. Qe8+ Kb7 34. Qc6+ Ka7 35. Nc4 Qa1 36. Qc7+ 1-0

[Event "Lueneburg Open-B 2019"]
[Site "Lueneburg"]
[Date "2019.08.08"]
[Round "5.11"]
[White "Jessen, Bjarne"]
[Black "Schencke, Guenther"]
[Result "1-0"]
[ECO "C06"]
[WhiteElo "1569"]
[BlackElo "1668"]
[Annotator "NA RC"]
[PlyCount "45"]
[EventDate "2019.08.03"]
[EventType "swiss"]
[EventCountry "GER"]
[SourceTitle "playchess.com"]
[Source "ChessBase"]
[SourceQuality "1"]
[TimeControl "40/5400+30:1800+30"]

1. e4 e6 2. d4 d5 3. Nd2 a6 4. Bd3 Nf6 5. e5 Nfd7 6. Ngf3 c5 7. c3 Nc6 8. O-O b5 9. Re1 Be7 10. Nf1 Qb6 11. Be3 cxd4 12. cxd4 Bb7 13. Rc1 Rc8 14. Ng3 Qd8 15. Nh5 O-O 16. Nd2 Re8 17. Qg4 g6 18. Nf3 Kh8 19. Bg5 Rg8 20. Ng3 h5 21. Nxh5 Bxg5 22. Nxg5 Qf8 23. Qh4 1-0

[Event "Lueneburg Open-B 2019"]
[Site "Lueneburg"]
[Date "2019.08.08"]
[Round "5.13"]
[White "Goldmann, David"]
[Black "Kolhoff, Manfred"]
[Result "1-0"]
[ECO "D51"]
[WhiteElo "1403"]
[BlackElo "1616"]
[Annotator "NA RC"]
[PlyCount "161"]
[EventDate "2019.08.03"]
[EventType "swiss"]
[EventCountry "GER"]
[SourceTitle "playchess.com"]
[Source "ChessBase"]
[SourceQuality "1"]
[TimeControl "40/5400+30:1800+30"]

1. d4 d5 2. c4 e6 3. Nc3 c6 4. Nf3 Nf6 5. Bg5 Nbd7 6. c5 Be7 7. Qc2 Qc7 8. e3 b6 9. Bf4 Qd8 10. Nb5 cxb5 11. c6 Ba6 12. cxd7+ Qxd7 13. Ne5 Qb7 14. a4 Rc8 15. Qd3 Bb4+ 16. Kd1 Ne4 17. Bg3 Qe7 18. axb5 Bb7 19. Rxa7 Nxg3 20. fxg3 Qc7 21. Nc6 Bd6 22. Qc3 Ra8 23. Bd3 Rxa7 24. Nxa7 Qd7 25. Nc6 O-O 26. Ke2 Rc8 27. Rc1 f6 28. Qd2 Rc7 29. Qc2 g6 30. Qa4 Kg7 31. Rc3 h5 32. Qc2 e5 33. dxe5 fxe5 34. Qd1 e4 35. Bc2 Qg4+ 36. Ke1 Qf5 37. Nd4 Qf6 38. Rxc7+ Bxc7 39. Qa1 Qf7 40. Qa7 g5 41. Bb3 Bc8 42. Nc6 Be6 43. Qa4 Qf6 44. Qd4 Qxd4 45. Nxd4 Bf7 46. Nc6 Kf6 47. Kd2 Ke6 48. Kc3 Be5+ 49. Kd2 Bxb2 50. Nd8+ Ke7 51. Nxf7 Kxf7 52. Bxd5+ Kf6 53. Bxe4 Ba3 54. Kd3 Bc5 55. Bc6 Ke5 56. Be8 h4 57. gxh4 gxh4 58. Bd7 Be7 59. e4 Bg5 60. g3 Be7 61. Ke3 Bf6 62. Bc6 Be7 63. Kf3 Bf6 64. gxh4 Bxh4 65. Kg4 Bf6 66. Kh5 Bg7 67. h4 Kf4 68. Kg6 Bh8 69. h5 Be5 70. h6 Bd4 71. h7 Be5 72. Kf7 Kg5 73. Kg8 Kg6 74. h8=Q Bxh8 75. Kxh8 Kf6 76. Kh7 Kf7 77. Bd5+ Kf6 78. Kg8 Ke7 79. e5 Ke8 80. Bf7+ Ke7 81. e6 1-0